 Dungeon Crawl Stone Soup version 0.31.0-32-g396128a36d (webtiles) character file.

Game seed: 5340829433935489101

832 PaiMei the Grave Robber (level 7, -3/53 HPs)
             Began as a Demonspawn Necromancer on Mar 28, 2024.
             Slain by a killer bee (5 damage)
             ... on level 4 of the Dungeon.
             The game lasted 00:05:56 (5415 turns).

PaiMei the Grave Robber (Demonspawn Necromancer)    Turns: 5415, Time: 00:05:56

Health: -3/53      AC:  6    Str:  9    XL:     7   Next: 65%
Magic:  10/13      EV: 14    Int: 17    God:
Gold:   139        SH:  0    Dex: 19    Spells: 10/14 levels left

rFire   . . .        k - +1 whip (elec)
rCold   . . .        (no shield)
rNeg    . . .        a - +0 robe
rPois   .            (no helmet)
rElec   .            (no cloak)
rCorr   .            (no gloves)
SInv    .            m - +0 pair of boots
Will    .....        (no amulet)
Stlth   ++           p - +6 ring of dexterity
HPRegen 0.28/turn    (no ring)
MPRegen 0.13/turn

%: no passive effects
@: no status effects
A: powered by pain 1, sharp scales 3, demonic touch 1
a: no special abilities


You were on level 4 of the Dungeon.
You visited 1 branch of the dungeon, and saw 5 of its levels.

You collected 139 gold pieces.

Inventory:

Hand Weapons
 k - a +1 whip of electrocution (weapon)
 r - a +2 dagger of protection
Armour
 a - a +0 robe (worn)
 m - a +0 pair of boots (worn)
Jewellery
 p - a +6 ring of dexterity (left hand)
Scrolls
 c - 3 scrolls of teleportation {unknown}
 e - a scroll of identify {unknown}
 j - a scroll of enchant armour {unknown}
 n - a scroll of noise {unknown}
 q - a scroll of blinking {unknown}
Potions
 b - 3 potions of magic
 d - a potion of haste {unknown}
 f - a potion of enlightenment {unknown}
 g - 2 potions of brilliance {unknown}
 h - a potion of heal wounds {unknown}
 i - 3 potions of curing {unknown}
 l - a potion of mutation {unknown}
 o - 2 potions of lignification {unknown}


   Skills:
 + Level 3.9 Fighting
 + Level 4.2 Dodging
 - Level 2.0 Stealth
 + Level 4.3 Spellcasting
 + Level 6.4 Necromancy


You had 10 spell levels left.
You knew the following spells:

 Your Spells              Type           Power      Damage    Failure   Level
a - Necrotise             Necr           100%       1d9       1%          1
b - Vampiric Draining     Necr           25%        2d7       3%          3

Your spell library contained the following spells:

 Spells                   Type           Power      Damage    Failure   Level
 Animate Dead             Necr           25%        N/A       11%         4
 Sandblast                Erth           6%         2d5       16%         1
 Curse of Agony           Necr           25%        N/A       30%         5
 Passwall                 Erth           3%         N/A       41%         3
 Stone Arrow              Conj/Erth      6%         3d7       41%         3
 Tukima's Dance           Hex            3%         N/A       41%         3
 Brom's Barrelling Bould  Conj/Erth      3%         2d3       83%         4
 Cause Fear               Hex            1%         N/A       83%         4
 Passage of Golubria      Tloc           3%         N/A       83%         4
 Fireball                 Conj/Fire      1%         3d3       99%         5
 Yara's Violent Unravell  Hex/Alch       1%         3d3       99%         5
 Dragon's Call            Summ           1%         N/A       100%        9


Dungeon Overview and Level Annotations

Branches:
Dungeon (5/15)
 Temple: D:4-7

Altars:
Hepliaklqana

Shops:
D:2 [   D:3 !


Innate Abilities, Weirdness & Mutations

You sometimes gain a little power by taking damage.
You are completely covered in razor-sharp scales. (AC +3, Slay +3)
Your touch may inflict minor irresistible damage on your foes.


Message History

The killer bee stings you. The jelly barely misses you.
The killer bee stings you.
You are poisoned.
The killer bee poisons you! The killer bee stings you. x2
The killer bee completely misses you. The jelly attacks as it pursues you!
The jelly misses you.
You feel sick.
The killer bee attacks as it pursues you!
The killer bee stings you but does no damage.
The killer bee closely misses you.
The killer bee stings you but does no damage.
The killer bee misses you. The jelly attacks as it pursues you!
The jelly hits you but does no damage.
You feel sick.
You feel sick.
The killer bee attacks as it pursues you!
The killer bee stings you. The killer bee closely misses you.
The killer bee barely misses you.
You feel sick. The killer bee stings you. x2
There is a stone staircase leading up, spattered with blood here.
You feel sick. The killer bee misses you. The killer bee closely misses you.
The killer bee stings you but does no damage. x2
The killer bee stings you.
* * * LOW HITPOINT WARNING * * *
The killer bee barely misses you.
You climb upwards.
You feel sick.
There is a stone staircase leading down here.
You feel sick.
You are no longer poisoned.
The killer bee closely misses you. x2
The killer bee attacks as it pursues you!
The killer bee stings you!
* * * LOW HITPOINT WARNING * * *
The killer bee closely misses you.
The killer bee stings you but does no damage.
The killer bee barely misses you. The killer bee barely misses you.
The killer bee attacks as it pursues you!
The killer bee closely misses you. The killer bee stings you.
You die...

.....#........## .....#.........#
...............# ...............#
#........##...##
..........##.#### #######
#.#.......####..#### ##.##..#
#.#........##...#yy## ###......#
..))...#..#.#...@y>.###........#
.##<...#....)...##...##..#....##
####...#.....#.##........#....##
## ##.[...#....#.........#.....##
.# ###.).#...##.........###.....
## ####).....##..........##.....
## #.....#...####...............
.## #..)..#....##..###.......##..
..###.....##.....#.####.....####.


You could see 3 killer bees.

Vanquished Creatures
  2 black bears (D:5)
  A bullfrog (D:4)
  2 scorpions (D:4)
  2 bombardier beetles
  2 orc priests
  An iguana (D:4)
  4 orc wizards (D:4)
  7 adders
  3 gnolls (D:4)
  A dart slug (D:2)
  2 ribbon worms
  16 orcs
  7 ball pythons
  3 bats
  8 endoplasms
  3 giant cockroaches
  8 goblins
  7 hobgoblins
  2 jackals (D:3)
  8 kobolds
  A quokka (D:1)
  6 frilled lizards
  5 rats
101 creatures vanquished.

Vanquished Creatures (collateral kills)
  A gnoll (D:4)
  A dart slug (D:4)
  A ball python (D:2)
  A hobgoblin (D:1)
  A jackal (D:3)
  A bat (D:1)
  A goblin (D:1)
  2 kobolds
9 creatures vanquished.

Grand Total: 110 creatures vanquished

Notes
Turn   | Place    | Note
-------+----------+-------------------------------------------
     0 | D:1      | PaiMei the Demonspawn Necromancer began the quest for the
                  | Orb.
     0 | D:1      | Reached XP level 1. HP: 13/13 MP: 3/3
   373 | D:1      | Gained mutation: You are partially covered in razor-sharp
                  | scales. (AC +1, Slay +1) [demonic ancestry]
   373 | D:1      | Reached XP level 2. HP: 19/19 MP: 0/5
   437 | D:1      | Found a faded altar of an unknown god.
   959 | D:1      | Reached XP level 3. HP: 25/25 MP: 2/6
   963 | D:1      | Learned a level 3 spell: Vampiric Draining
  1350 | D:2      | Reached skill level 1 in Fighting
  1436 | D:2      | Found Uxtuiv's Armour Boutique.
  1665 | D:2      | Gained mutation: You are mostly covered in razor-sharp
                  | scales. (AC +2, Slay +2) [demonic ancestry]
  1665 | D:2      | Reached XP level 4. HP: 32/32 MP: 0/8
  2140 | D:3      | Reached skill level 5 in Necromancy
  2296 | D:3      | Found Huyman's Distillery.
  2757 | D:3      | Gained mutation: You are completely covered in razor-sharp
                  | scales. (AC +3, Slay +3) [demonic ancestry]
  2757 | D:3      | Reached XP level 5. HP: 38/38 MP: 6/9
  3561 | D:4      | Gained mutation: You sometimes gain a little power by
                  | taking damage. [demonic ancestry]
  3561 | D:4      | Reached XP level 6. HP: 46/46 MP: 3/11
  4418 | D:4      | Reached skill level 6 in Necromancy
  4418 | D:4      | Gained mutation: Your touch may inflict minor irresistible
                  | damage on your foes. [demonic ancestry]
  4418 | D:4      | Reached XP level 7. HP: 40/52 MP: 5/12
  4637 | D:4      | Found a hazy altar of Hepliaklqana.
  4963 | D:5      | Entered Level 5 of the Dungeon
  5414 | D:4      | HP: 2/53 [killer bee (8)]
  5415 | D:4      | Slain by a killer bee

Illustrated notes

Levels and vault maps discovered:
D:1:      psy_arrival_dodecagon, layout_basic,
          hellmonk_ecumenical_altar_defaced_shrine,
          chequers_serial_rivers_micro_b
D:2:      layout_rooms, serial_shops, shop
D:3:      layout_loops_corners, serial_shops, nicolae_shop_industrial_runoff,
          hangedman_decor_peaks_small
D:4:      layout_cave_pools, worldfamousw_hep_ancestral_shrine,
          corexii_leaking_fountain
D:5:      layout_rooms, ebering_ghost_gozag, grunt_decor_mini_mirrors,
          kennysheep_potato

Skill      XL: |  1  2  3  4  5  6  7 |
---------------+----------------------+-----
Stealth        | 2 |  2.0
Dodging        | 2 3 4 |  4.2
Fighting       | 1 2 3 |  3.9
Necromancy     | 5 6 |  6.4
Spellcasting   | 3 4 |  4.3

Action                     |  1- 3 |  4- 6 |  7- 9 || total
---------------------------+-------+-------+-------++-------
  Melee: Unarmed           |    10 |       |       ||    10
         Dagger            |     9 |       |       ||     9
         Whip              |     7 |    26 |     2 ||    35
   Cast: Necrotise         |    76 |   112 |    38 ||   226
         Vampiric Draining |       |     4 |     5 ||     9
   Stab: Distracted        |     1 |       |       ||     1
         Sleeping          |       |     1 |       ||     1
 Armour: Robe              |    25 |    46 |    39 ||   110
  Dodge: Dodged            |    24 |    35 |    34 ||    93
